 Dungeon Crawl Stone Soup version 0.31.0 (webtiles) character file.

Game seed: 11910622132780909523

148 qw the Shooter (level 5, -4/32 HPs)
             Began as a Gargoyle Hunter on Jan 19, 2024.
             Constricted to death by Ijyb (5 damage)
             ... on level 3 of the Dungeon.
             The game lasted 00:00:08 (2095 turns).

qw the Shooter (Gargoyle Hunter)                    Turns: 2095, Time: 00:00:08

Health: -4/32      AC: 10    Str: 15    XL:     5   Next: 30%
Magic:  5/5        EV:  8    Int:  9    God:
Gold:   81         SH:  5    Dex: 15    Spells: 4/4 levels left

rFire   . . .        a - +1 shortbow
rCold   . . .        (shield currently unavailable)
rNeg    + . .        f - +0 ring mail
rPois   inf          (no helmet)
rElec   +            (no cloak)
rCorr   .            (no gloves)
SInv    .            e - +0 pair of boots
Will    .....        i - amulet of reflection
Stlth   +            (no ring)
HPRegen 0.25/turn    (no ring)
MPRegen 0.09/turn

%: reflection
@: grasped by roots, constricted
A: sickness immunity, AC +4, negative energy resistance 1, electricity
resistance, torment resistance 1, petrification resistance
a: no special abilities


You were on level 3 of the Dungeon.
You visited 1 branch of the dungeon, and saw 3 of its levels.

You collected 81 gold pieces.


Innate Abilities, Weirdness & Mutations

You are immune to sickness and miasma.
Your stone body is resilient. (AC +4)
You are immune to poison.
You resist negative energy. (rN+)
You are resistant to electric shocks. (rElec)
You are resistant to unholy torment.
You are immune to petrification.


   Skills:
 - Level 3.1 Fighting
 + Level 5.8 Ranged Weapons
 - Level 1.2 Armour
 - Level 1.5 Dodging
 - Level 1.1 Stealth


You had 4 spell levels left.
You didn't know any spells.
Your spell library was empty.

Inventory:

Hand Weapons
 a - a +1 shortbow (weapon)
Armour
 e - a +0 pair of boots (worn)
 f - a +0 ring mail (worn)
Jewellery
 i - an amulet of reflection (around neck)
Scrolls
 b - a scroll of fear {unknown}
 g - a scroll of identify
Potions
 c - a potion of mutation
 d - a potion of lignification {unknown}
 h - a potion of ambrosia {unknown}
 j - a potion of enlightenment {unknown}

Dungeon Overview and Level Annotations

Branches:
Dungeon (3/15)

Altars:

Annotations:
D:3 Ijyb


Message History

You shoot an arrow. The arrow barely misses Ijyb.
Ijyb hits you with a +0 dagger. The grasping roots constrict you.
The grasping roots release their grip on you.
You shoot an arrow. The arrow hits Ijyb but does no damage.
Ijyb is heavily wounded.
Ijyb hits you but does no damage. You block Ijyb's attack.
You shoot an arrow. The arrow hits Ijyb but does no damage.
Ijyb is heavily wounded.
Ijyb hits you but does no damage.
You shoot an arrow. The arrow completely misses Ijyb.
Ijyb closely misses you.
You shoot an arrow. The arrow closely misses Ijyb.
Ijyb misses you.
You shoot an arrow. The arrow hits Ijyb.
Ijyb is severely wounded.
Ijyb zaps a wand.
The roots erupt in riotous growth!
The grasping roots grab you!
Ijyb is unaffected.
The grasping roots constrict you. Ijyb hits you but does no damage.
The grasping roots constrict you.
You hear a shout!
You shoot an arrow. The arrow hits Ijyb but does no damage.
Ijyb is severely wounded.
Ijyb hits you but does no damage. The grasping roots constrict you.
You shoot an arrow. The arrow hits Ijyb.
Ijyb is severely wounded.
Ijyb completely misses you. The grasping roots constrict you.
The grasping roots release their grip on you.
You shoot an arrow. The arrow hits Ijyb but does no damage.
Ijyb is severely wounded.
Ijyb hits you but does no damage.
You shoot an arrow. The arrow hits Ijyb.
Ijyb is almost dead.
Ijyb zaps a wand.
The roots erupt in riotous growth!
The grasping roots grab you!
Ijyb is unaffected.
The grasping roots constrict you!
You shoot an arrow. The arrow hits Ijyb.
Ijyb is almost dead.
Ijyb hits you but does no damage. The grasping roots constrict you.
Ijyb hits you with a +0 dagger. The grasping roots constrict you.
You die...

#....#.########.##....
#....#................
##...##########.##....
#...# #.##.... #...
#.##.... #... #.##....
.###...#### #.##..|.
..........#######.##....
#..g@..........#.....
#...##.#######.#.%..)
#... #.........#.....
#... #.#########.....
#######.## #.....
.........# #.###.
#######.## #.# ##
#######.#########.####
......................


You could see Ijyb.

Vanquished Creatures
  Natasha (thrice) (D:3)
  2 adders
  A dart slug (D:3)
  A ribbon worm (D:2)
  4 bats (D:1)
  4 endoplasms
  3 giant cockroaches
  8 goblins
  13 hobgoblins
  2 quokkas
  2 ball pythons (D:1)
  2 frilled lizards
  A kobold (D:3)
  3 rats (D:2)
49 creatures vanquished.

Notes
Turn   | Place    | Note
-------+----------+-------------------------------------------
     0 | D:1      | qw the Gargoyle Hunter began the quest for the Orb.
     0 | D:1      | Reached XP level 1. HP: 12/12 MP: 1/1
     0 | D:1      | 0 ||| qw: Version: 0.3-a-132-g3d54051
     0 | D:1      | 0 ||| qw: Game counter: 180
     0 | D:1      | 0 ||| qw: Melee chars always use a shield: true
     0 | D:1      | 0 ||| qw: God list: Okawaru
     0 | D:1      | 0 ||| qw: Allow faded altars: false
     0 | D:1      | 0 ||| qw: Do Orc after clearing Dungeon:15 true
     0 | D:1      | 0 ||| qw: Do second Lair branch before Depths: true
     0 | D:1      | 0 ||| qw: Lair rune preference: random
     0 | D:1      | 0 ||| qw: Goals: Normal
     0 | D:1      | 0 ||| PLANNING D:1-11
   131 | D:1      | Reached XP level 2. HP: 17/17 MP: 2/2
   403 | D:1      | Found a faded altar of an unknown god.
   783 | D:1      | 783 ||| UPGRADING to +0 pair of boots.
   788 | D:1      | 788 ||| UPGRADING to +0 ring mail.
   798 | D:1      | 798 ||| DROPPING +0 leather armour.
   799 | D:1      | 799 ||| READING 2 scrolls labelled YRANIL BAECVOJ.
   802 | D:1      | 802 ||| DROPPING scroll of butterflies.
   855 | D:2      | Reached skill level 1 in Armour
   855 | D:2      | Reached XP level 3. HP: 19/21 MP: 3/3
   982 | D:2      | 982 ||| FLEEEEING.
  1247 | D:2      | Reached skill level 5 in Ranged Weapons
  1462 | D:2      | 1462 ||| UPGRADING to amulet of reflection.
  1467 | D:2      | 1467 ||| READING scroll labelled HOINNEOTUH.
  1467 | D:2      | 1467 ||| ENCHANTING +0 shortbow.
  1468 | D:2      | 1468 ||| READING scroll labelled NAMUREXT OLED.
  1468 | D:2      | 1468 ||| IDENTIFYING silvery potion
  1602 | D:3      | Noticed Natasha
  1606 | D:3      | Killed Natasha
  1607 | D:3      | Reached skill level 3 in Fighting
  1607 | D:3      | Reached XP level 4. HP: 28/28 MP: 4/4
  1668 | D:3      | Noticed Natasha
  1674 | D:3      | HP: 6/28 [Natasha/magic dart (9)]
  1675 | D:3      | 1675 ||| READING scroll of teleportation.
  1677 | D:3      | Killed Natasha
  1678 | D:3      | 1678 ||| FLEEEEING.
  1729 | D:3      | Noticed Natasha
  1730 | D:3      | 1730 ||| FLEEEEING.
  1731 | D:3      | 1731 ||| FLEEEEING.
  1816 | D:3      | 1816 ||| FLEEEEING.
  1826 | D:3      | 1826 ||| FLEEEEING.
  1832 | D:3      | Killed Natasha
  1833 | D:3      | Reached XP level 5. HP: 27/32 MP: 5/5
  2077 | D:3      | Noticed Ijyb
  2094 | D:3      | HP: 5/32 [constriction (8)]
  2095 | D:3      | HP: 2/32 [constriction (3)]
  2095 | D:3      | Constricted to death by Ijyb

Levels and vault maps discovered:
D:1:      dpeg_arrival_rooms_b, layout_basic, nicolae_ecumenical_lake_church
D:2:      layout_loops_cross
D:3:      cheibrodos_greedy_goblins, layout_basic, serial_shops, shop,
          minivault_5, minmay_rat_hole, uniq_natasha, uniq_ijyb, uniq_jessica

Skill      XL: |  1  2  3 |
---------------+----------+-----
Armour         | 1 |  1.2
Ranged Weapons | 5 |  5.8
Fighting       | 3 |  3.1
Dodging        | |  1.5
Stealth        | |  1.1

Action                     |  1- 3 |  4- 6 || total
---------------------------+-------+-------++-------
   Fire: Shortbow          |   114 |    78 ||   192
    Use: Scroll            |     3 |     1 ||     4
 Armour: Leather armour    |    15 |       ||    15
         Ring mail         |    36 |    42 ||    78
  Dodge: Dodged            |    47 |    26 ||    73
  Block: Other             |       |    13 ||    13

Table legend:
 A = Non-vault XP
 B = Vault XP
 C = Vault XP percentage of total XP
 D = Non-vault monster count
 E = Vault monster count
 F = Vault count percentage of total count
                 A         B        C        D         E       F
            +---------+---------+-------+---------+---------+-------
      Total |     159 |      53 |  25.0 |      39 |      10 |  20.4
            +---------+---------+-------+---------+---------+-------
        D:1 |      24 |       0 |   0.0 |      15 |       0 |   0.0
        D:2 |      41 |       0 |   0.0 |      16 |       0 |   0.0
        D:3 |      94 |      53 |  36.1 |       8 |      10 |  55.6
            +---------+---------+-------+---------+---------+-------
